 Dungeon Crawl Stone Soup version 0.29-a0-824-gd827844252 (webtiles) character file.

Game seed: 11538042143031090525

16 buhh the Insei (level 2, 0/18 HPs)
             Began as an Octopode Transmuter on July 9, 2022.
             Slain by Natasha (4 damage)
             ... on level 2 of the Dungeon.
             The game lasted 00:00:31 (1788 turns).

buhh the Insei (Octopode Transmuter)                Turns: 1788, Time: 00:00:31

Health: 0/18       AC:  1    Str:  9    XL:     2   Next: 54%
Magic:  13/14      EV: 13    Int: 15    God:
Gold:   69         SH:  0    Dex: 12    Spells: 4/5 levels left

rFire   . . .      SeeInvis .     - Unarmed
rCold   . . .      Faith    .   (no shield)
rNeg    . . .      Spirit   .   (helmet currently unavailable)
rPois   .          Reflect  .   (no amulet)
rElec   .          Harm     .   d - ring of magical power
rCorr   .          Rampage  .   (no ring)
Will    .....                   (no ring)
Stlth   +++.......              (no ring)
HPRegen 0.06/turn               (no ring)
MPRegen 0.14/turn               (no ring)
                                (no ring)
                                (no ring)

@: appendages
A: tentacle spike 3, almost no armour, amphibious, 8 rings, camouflage 1,
gelatinous body 1, (nimble swimmer 1), tentacles
a: End Transformation


You were on level 2 of the Dungeon.
One of your tentacles had grown a beastly spike.
You visited 1 branch of the dungeon, and saw 2 of its levels.

You collected 69 gold pieces.

Inventory:

Missiles
 b - 4 poisoned darts
Jewellery
 d - a ring of magical power (left tentacle)
Wands
 i - a wand of flame (13)
Scrolls
 f - 2 scrolls of noise {unknown}
 g - 2 scrolls of teleportation {unknown}
 h - a scroll of identify {unknown}
 j - a scroll of fog {unknown}
Potions
 a - 2 potions of lignification {!d}
 c - a potion of mutation {unknown}
 e - a potion of haste {!q!d}


   Skills:
 + Level 1.2 Fighting
 + Level 2.1 Dodging
 * Level 1.7 Stealth
 + Level 3.1 Unarmed Combat
 - Level 2.0 Spellcasting
 - Level 2.0 Transmutations
 - Level 1.0 Poison Magic


You had 4 spell levels left.
You knew the following spells:

 Your Spells              Type           Power      Damage    Failure   Level
a - Beastly Appendage     Tmut           14%        N/A       10%         1

Your spell library contained the following spells:

 Spells                   Type           Power      Damage    Failure   Level
 Wereblood                Tmut           7%         N/A       14%         2
 Spider Form              Tmut/Pois      6%         N/A       34%         3
 Ice Form                 Ice/Tmut       4%         N/A       82%         4


Dungeon Overview and Level Annotations

Branches:
Dungeon (2/15) Zot: 10212

Altars:

Shops:
D:2 (

Annotations:
D:2 Natasha


Innate Abilities, Weirdness & Mutations

One of your tentacles has grown a beastly spike.
You cannot wear most types of armour.
You are amphibious.
You can wear up to eight rings at the same time.
Your skin changes colour to match your surroundings (Stealth+).
Your rubbery body absorbs attacks. (AC +1, EV +1)
((You are camouflaged when in or above water. (Stealth+)))
You have tentacles for arms and can constrict up to eight enemies at once.


Message History

The quokka is severely wounded.
You constrict the quokka.
You kill the quokka!
No target in view!
No target in view!
No target in view!
No target in view!
No target in view!
No target in view!
No target in view!
You feel your magic capacity increase.
d - a ring of magical power (left tentacle)
Your tentacle spike disappears.
You see here a quokka corpse.
You open the door.
There is an open door here.
You open the door.
There is an open door here.
Key pressed, stopping explore.
Natasha, Servant of Life and Death comes into view.
Natasha is nearby!
Natasha is nearby!
Natasha is nearby!
One of your tentacles grows a vicious spike.
Natasha drinks a potion.
Natasha seems to speed up.
Natasha barely misses you.
You barely miss Natasha. You grab Natasha.
You pierce Natasha.
You squeeze Natasha.
Natasha is moderately wounded.
You constrict Natasha, but do no damage.
Natasha claws you. Natasha claws you!
Ouch! That really hurt!
* * * LOW HITPOINT WARNING * * *
You completely miss Natasha.
You pierce Natasha.
Natasha is heavily wounded.
You constrict Natasha.
Natasha wildly gestures.
You feel disoriented. Natasha claws you.
You die...

.........'.......................
.........####...##.#####......###
#.......## ##.###.# #...#.##
##.....## ### #.# #...### ##...##
#.# ###.# ##'## ####.# #.# #.#
..#.# #.# #.# # #h#.# #.# # ##.##
#. #@..# ####.###### ###...##
#.###.### #........#. .#(....#
#.....# #.##.###... ......##
###.### #.##.......
####.#########.# #.######...
#...........# #.# #.#.
############# #.######.#.
#........## ##########


You could see Natasha (fast).

Vanquished Creatures
  A bat (D:2)
  A giant cockroach (D:1)
  3 goblins
  2 hobgoblins
  2 quokkas (D:2)
  2 ball pythons
  2 rats (D:2)
13 creatures vanquished.

Notes
Turn   | Place    | Note
-------+----------+-------------------------------------------
     0 | D:1      | buhh the Octopode Transmuter began the quest for the Orb.
     0 | D:1      | Reached XP level 1. HP: 13/13 MP: 3/3
   175 | D:1      | Found a faded altar of an unknown god.
   988 | D:2      | Found Mufaluum's Weapon Shop.
  1122 | D:2      | Reached XP level 2. HP: 18/18 MP: 3/5
  1783 | D:2      | Noticed Natasha
  1788 | D:2      | Slain by Natasha

Illustrated notes

Levels and vault maps discovered:
D:1:      heliophobic_arrival_ceremonial_halls, layout_loops_ring,
          dreamdust_ecumenical_altar_hidden_monk_grotto, serial_rivers,
          chequers_serial_rivers_large_b, chequers_serial_rivers_micro_c,
          chequers_serial_rivers_micro_a, chequers_serial_rivers_marsh,
          chequers_serial_rivers_small_3
D:2:      layout_loops_corners, serial_shops, nicolae_shop_bloodbath_and_beyond,
          minmay_small_reverse_x, uniq_natasha

Skill      XL: |  1  2 |
---------------+-------+-----
Stealth        | 1 |  1.7
Poison Magic   | 1 |  1.0
Fighting       | |  1.2
Dodging        | |  2.1
Unarmed Combat | |  3.1
Spellcasting   | |  2.0
Transmutations | |  2.0

Action                   || total
-------------------------++-------
Melee: Unarmed           ||    25
       Constrict         ||     9
       Kick              ||    10
       Tentacles         ||     5
       Punch             ||     1
 Cast: Beastly Appendage ||    13
 Stab: Sleeping          ||     2
Armor: Skin              ||     2
Dodge: Dodged            ||    14

Table legend: (Time is in decaauts)
 A = Elapsed time spent in this place.
 B = Non-inter-level travel time spent in this place.
 C = Inter-level travel time spent in this place.
 D = Time resting spent in this place.
 E = Time spent auto-exploring this place.
 F = Levels seen in this place.
 G = Mean time per level.
                   A        B        C        D        E       F      G
               +--------+--------+--------+--------+--------+-----+--------+
         Total |   1786 |   1748 |     38 |      0 |   1657 |   2 |  893.0 |
       Dungeon |   1786 |   1748 |     38 |      0 |   1657 |   2 |  893.0 |
               +--------+--------+--------+--------+--------+-----+--------+

Top non-repeatable levels by time:
     D:1: 935 daAuts
     D:2: 850 daAuts
